AoeStats
← Křovák

Arabian Desert

510099813Analyzed
1v1 RM · 3d ago on Sep 29, 2026· 60m 21s· 2 players
Game mode
Random Map
Map size
Tiny (2 player)
Population
200
Speed
Normal
Resources
Standard
Victory
Conquest
Starting age
Dark Age
Ending age
Imperial Age
RankedLock teamsTeams togetherTeam positionsShared explorationLock speedFull tech treeHidden civsTurbo modeCheats
Victory
Defeat
🇹🇼 Britons · Taiwan
899
+15
🇨🇿 Malians · Czechia
872
-15
Křovák
7:30 Loom
10:33 Feudal Age
11:48 Double-Bit Axe
16:04 Horse Collar
23:03 Castle Age
22:07 Fletching
22:18 Padded Archer Armor
26:02 Bodkin Arrow
26:57 Elite Skirmisher
27:33 Pikeman
28:17 Squires
41:54 Imperial Age
39:10 Town Watch
40:00 Wheelbarrow
39:44 Bow Saw
41:55 Leather Archer Armor
43:15 Thumb Ring
50:42 Farimba
51:16 Forging
51:12 Scale Barding Armor
51:00 Cavalier
51:46 Murder Holes
52:51 Chemistry
52:12 Ballistics
58:57 Iron Casting
小刀開狙鏡
5:55 Loom
12:11 Feudal Age
12:40 Double-Bit Axe
14:56 Fletching
15:19 Horse Collar
23:46 Castle Age
23:07 Scale Barding Armor
23:45 Forging
23:55 Pikeman
27:51 Wheelbarrow
27:22 Heavy Plow
28:14 Town Watch
36:21 Imperial Age
33:47 Gold Mining
34:21 Bodkin Arrow
35:37 Scale Mail Armor
35:59 Bow Saw
35:41 Stone Mining
36:36 Halberdier
37:26 Murder Holes
37:31 Light Cavalry
40:12 Conscription
41:09 Ballistics
42:50 Chemistry
44:58 Hand Cart
44:31 Elite Longbowman
45:15 Town Watch
50:30 Yeomen
51:43 Town Patrol
55:31 Warwolf
56:39 Padded Archer Armor
56:49 Bracer
57:05 Chain Mail Armor
Connection lost

Rejoining the realm…

Still unreachable

The connection could not be restored.

Session expired

The server has moved on; the page needs a fresh start.